 Dungeon Crawl Stone Soup version 0.31.0-11-ge490571c62 (webtiles) character file.

Game seed: 9648641543788440302

165 Janerl the Cudgeller (level 5, -18/47 HPs)
             Began as a Minotaur Berserker on Feb 3, 2024.
             Was a Priest of Trog.
             Demolished by a shadow (31 damage)
             ... on level 7 of the Dungeon.
             The game lasted 00:09:52 (2166 turns).

Janerl the Cudgeller (Minotaur Berserker)           Turns: 2166, Time: 00:09:53

Health: -18/47     AC:  2    Str: 21    XL:     5   Next: 22%
Magic:  4/4        EV: 12    Int:  6    God:    Trog [***...]
Gold:   81         SH:  0    Dex: 10    Spells: 4/4 levels left

rFire   . . .        a - +0 mace
rCold   . . .        (no shield)
rNeg    . . .        b - +0 animal skin
rPois   .            (helmet restricted)
rElec   .            (no cloak)
rCorr   .            (no gloves)
SInv    .            (no boots)
Will    .....        (no amulet)
Stlth   +            (no ring)
HPRegen 0.27/turn    (no ring)
MPRegen 0.09/turn

%: no passive effects
@: no status effects
A: horns 2, retaliatory headbutt
a: Renounce Religion, Berserk, Trog's Hand


You were on level 7 of the Dungeon.
You worshipped Trog.
Trog was most pleased with you.
You visited 1 branch of the dungeon, and saw 5 of its levels.

You collected 81 gold pieces.

Inventory:

Hand Weapons
 a - a +0 mace (weapon)
Armour
 b - a +0 animal skin (worn)
Jewellery
 d - a ring of see invisible
 e - a +4 ring of slaying
Scrolls
 h - a scroll of vulnerability {unknown}
 i - 4 scrolls of identify {unknown}
 j - a scroll of teleportation {unknown}
Potions
 c - a potion of haste {unknown}
 f - 2 potions of heal wounds {unknown}
 g - a potion of cancellation {unknown}


   Skills:
 + Level 4.8 Fighting
 + Level 5.3 Maces & Flails
 + Level 2.9 Armour
 + Level 3.3 Dodging
 + Level 0.4 Stealth


You had 4 spell levels left.
You didn't know any spells.
Your spell library was empty.

Dungeon Overview and Level Annotations

Branches:
Dungeon (7/15)             Temple (0/1) D:7

Altars:
Kikubaaqudgha

Shops:
D:3 :


Innate Abilities, Weirdness & Mutations

You have a pair of horns on your head.
You reflexively headbutt those who attack you in melee.


Message History

Trog accepts your kill.
You have reached level 5!
You start resting.
You are no longer corroded.
You open the door.
There is an open door here.
Found a quarterstaff.
Found a staircase to the Ecumenical Temple.
Found 19 gold pieces.
You see here a +0 quarterstaff.
You open the door.
There is an open door here.
Found a scroll labelled LUZETZ QIYS.
Found 2 fuming yellow potions.
A shadow comes into view.
You see here a scroll labelled LUZETZ QIYS.
j - a scroll labelled LUZETZ QIYS The shadow slips into darkness.
The shadow flickers and vanishes!
Deactivating autopickup; reactivate with Ctrl-A.
You open the door.
The shadow strikes at you from the darkness!
Reactivating autopickup.
There is an open door, spattered with blood here.
The shadow slips into darkness.
The shadow flickers and vanishes!
Deactivating autopickup; reactivate with Ctrl-A.
Found a stone staircase leading down.
Found a stone staircase leading up.
The shadow strikes at you from the darkness!
* * * LOW HITPOINT WARNING * * *
Reactivating autopickup.
The shadow slips into darkness.
The shadow flickers and vanishes!
Deactivating autopickup; reactivate with Ctrl-A.
There is a stone staircase leading down here.
There is a stone staircase leading up here.
The shadow strikes at you from the darkness!
Ouch! That really hurt!
You die...

#.### ..#.. #####
#.#.# ....## ..#.#
.....## #.#.#
......# #.#.#
....#.#######.#.##
....'..........{@#
....#..#######.###
....##.# #..#
.....#..# #.##
.....##.# #.
.....# .# #.
.....# .# #.
.....# .# ..
.....#


There were no monsters in sight!

Vanquished Creatures
  A jelly (D:7)
  6 adders
  A ribbon worm (D:2)
  2 dart slugs (D:2)
  An orc (D:3)
  6 ball pythons
  6 bats
  9 endoplasms
  2 giant cockroaches
  4 goblins
  7 hobgoblins
  6 jackals (D:3)
  3 quokkas (D:3)
  7 frilled lizards
  7 kobolds
  3 rats
71 creatures vanquished.

Notes
Turn   | Place    | Note
-------+----------+-------------------------------------------
     0 | D:1      | Janerl the Minotaur Berserker began the quest for the Orb.
     0 | D:1      | Reached XP level 1. HP: 19/19 MP: 0/0
     2 | D:1      | Noticed a vampire
     4 | D:1      | Noticed a demonspawn
     6 | D:1      | Noticed a tengu
     8 | D:1      | Noticed a human
     8 | D:1      | Noticed a vine stalker
    10 | D:1      | Noticed a demigod
    10 | D:1      | Noticed a gargoyle
    12 | D:1      | Noticed an armataur
    12 | D:1      | Noticed a draconian
    14 | D:1      | Noticed a naga
    14 | D:1      | Noticed an elf
    16 | D:1      | Noticed an octopode
    16 | D:1      | Noticed a merfolk
    18 | D:1      | Noticed a minotaur
    18 | D:1      | Noticed an oni
    20 | D:1      | Noticed a troll
    20 | D:1      | Noticed a formicid
    22 | D:1      | Noticed a felid
    22 | D:1      | Noticed a ghoul
    24 | D:1      | Noticed a spriggan
    26 | D:1      | Noticed a barachi
    26 | D:1      | Noticed a djinni
   263 | D:1      | Reached XP level 2. HP: 26/27 MP: 1/1
   292 | D:1      | Reached skill level 4 in Maces & Flails
   919 | D:2      | Reached XP level 3. HP: 33/33 MP: 2/2
  1021 | D:2      | Reached ** piety under Trog
  1127 | D:2      | Reached XP level 4. HP: 19/40 MP: 3/3
  1518 | D:2      | Found an ancient bone altar of Kikubaaqudgha.
  1594 | D:3      | Found Vexy's Book Boutique.
  1875 | D:3      | Reached skill level 5 in Maces & Flails
  2022 | D:3      | You fall into a shaft and drop 3 floors!
  2024 | D:6      | Noticed a phantom
  2052 | D:7      | Reached *** piety under Trog
  2053 | D:7      | Reached XP level 5. HP: 41/47 MP: 4/4
  2105 | D:7      | Found a staircase to the Ecumenical Temple.
  2138 | D:7      | Noticed a shadow
  2166 | D:7      | Demolished by a shadow

Illustrated notes

Levels and vault maps discovered:
D:1:      kb_arrival_jail, layout_loops_corners, bh_walls_and_bars
D:2:      layout_loops_cross, basic_altar
D:3:      layout_rooms, serial_shops, nicolae_shop_tiny_waterfront,
          kennysheep_generic_room_2
D:6:      layout_basic, trog_hazing_becter, nicolae_tso_carved_into_rock,
          gammafunk_ghost_stat_death, minmay_stone_trees_large
D:7:      layout_basic, mainiacjoe_overflow_surrounded_room,
          kennysheep_little_box, temple_fountains, serial_rivers,
          chequers_serial_rivers_large_a, chequers_serial_rivers_micro_a,
          chequers_serial_rivers_micro_d, chequers_serial_rivers_micro_e,
          uniq_maurice

Skill      XL: |  1  2  3  4 |
---------------+-------------+-----
Maces & Flails | 4 5 |  5.3
Fighting       | 4 |  4.8
Dodging        | 3 |  3.3
Armour         | |  2.9
Stealth        | |  0.4

Action                     |  1- 3 |  4- 6 || total
---------------------------+-------+-------++-------
  Melee: Mace              |    66 |    59 ||   125
         Headbutt          |     9 |     8 ||    17
         Punch             |       |     1 ||     1
 Armour: Animal skin       |    37 |    27 ||    64
  Dodge: Dodged            |    50 |    60 ||   110
